 Dungeon Crawl Stone Soup version 0.31-a0-618-g7ca08c1ff9 (webtiles) character file.

Game seed: 12862630300459860045

27 thirtiethelement the Trooper (level 2, 0/24 HPs)
             Began as a Demonspawn Cinder Acolyte on Aug 22, 2023.
             Was a High Priest of Ignis.
             Slain by a hobgoblin (4 damage)
             ... on level 1 of the Dungeon.
             The game lasted 00:01:17 (433 turns).

thirtiethelement the Trooper (DsCA)                  Turns: 433, Time: 00:01:18

Health: 0/24       AC:  2    Str: 14    XL:     2   Next: 93%
Magic:  1/3        EV: 11    Int: 15    God:    Ignis [*****.]
Gold:   30         SH:  0    Dex:  8    Spells: 1/3 levels left

rFire   + . .        a - -1 hand axe (flame)
rCold   . . .        (no shield)
rNeg    . . .        b - +0 robe
rPois   .            (helmet restricted)
rElec   .            (no cloak)
rCorr   .            (no gloves)
SInv    .            (no boots)
Will    .....        (no amulet)
Stlth   +            (no ring)
HPRegen 0.24/turn    (no ring)
MPRegen 0.08/turn

%: no passive effects
@: no status effects
A: antennae 1
a: Renounce Religion, Fiery Armour, Foxfire Swarm, Rising Flame


You were on level 1 of the Dungeon.
You worshipped Ignis.
Ignis was extremely pleased with you.
You visited 1 branch of the dungeon, and saw 1 of its levels.

You collected 30 gold pieces.

Inventory:

Hand Weapons
 a - a -1 hand axe of flaming (weapon)
Armour
 b - a +0 robe (worn)
Potions
 c - a potion of lignification {unknown}


   Skills:
 + Level 3.3 Fighting
 + Level 2.9 Axes
 + Level 0.3 Dodging
 + Level 1.1 Spellcasting
 + Level 3.1 Fire Magic


You had one spell level left.
You knew the following spells:

 Your Spells              Type           Power      Damage    Failure   Level
a - Scorch                Fire           20%        2d5       11%         2

Your spell library contained the following spells:

 Spells                   Type           Power      Damage    Failure   Level
 Vhi's Electric Charge    Tloc/Air       0%         N/A       58%         3
 Arcjolt                  Conj/Air       0%         1d10      100%        5
 Plasma Beam              Fire/Air       2%         2x1d12    100%        6


Dungeon Overview and Level Annotations

Branches:
Dungeon (1/15)

Altars:


Innate Abilities, Weirdness & Mutations

You have a pair of small antennae on your head.


Message History

You see here a +0 chain mail.
Found a stone staircase leading down.
There is a stone staircase leading down here.
A bat comes into view.
The bat moves out of view.
A bat is nearby!
Casting: Scorch (safe; 11% risk of failure)
Confirm with . or Enter, or press ? or * to list all spells.
Flames lash the bat.
The bat is moderately wounded.
The bat's fire resistance burns away.
You hear a shout! x2
The bat completely misses you.
An endoplasm comes into view.
A hobgoblin comes into view.
Found a chain mail.
The bat hits you but does no damage.
A kobold comes into view. It is wielding a +0 short sword.
The bat barely misses you. The endoplasm freezes you.
You are frozen.
You hit the hobgoblin but do no damage. You hit the endoplasm.
You burn the endoplasm. You barely miss the bat.
The bat is no longer more vulnerable to fire.
The bat barely misses you. The endoplasm hits you.
The hobgoblin barely misses you. The bat closely misses you.
The endoplasm freezes you.
You are frozen.
The hobgoblin hits you. The kobold hits you but does no damage.
You hit the endoplasm. You burn the endoplasm.
You kill the endoplasm!
You barely miss the kobold. You hit the hobgoblin but do no damage.
You miss the bat. The bat hits you but does no damage.
The kobold hits you with a +0 short sword.
The hobgoblin hits you.
* * * LOW HITPOINT WARNING * * *
You barely miss the hobgoblin. You hit the kobold. You burn the kobold.
You kill the kobold!
The bat hits you but does no damage. The hobgoblin hits you.
* * * LOW HITPOINT WARNING * * *
You barely miss the hobgoblin. The bat hits you but does no damage.
The hobgoblin hits you.
You die...

##....# #.##....
#.###.#######[######
#.#...........††....
#.#...##############
#...## # ##..# #..#
#b.# #@.# #.g.)#
#......# #..#....
#..#.#.#. #. .. .#[.
# #. .# .# #. .# ..


You could see a hobgoblin and a bat.

Vanquished Creatures
  4 endoplasms (D:1)
  A giant cockroach (D:1)
  A goblin (D:1)
  2 hobgoblins (D:1)
  7 jackals (D:1)
  3 kobolds (D:1)
  A quokka (D:1)
  A ball python (D:1)
  A bat (D:1)
  A rat (D:1)
22 creatures vanquished.

Notes
Turn   | Place    | Note
-------+----------+-------------------------------------------
     0 | D:1      | thirtiethelement the Demonspawn Cinder Acolyte began the
                  | quest for the Orb.
     0 | D:1      | Reached XP level 1. HP: 18/18 MP: 2/2
    95 | D:1      | Gained mutation: You have a pair of small antennae on your
                  | head. [demonic ancestry]
    95 | D:1      | Reached XP level 2. HP: 17/24 MP: 3/3
   109 | D:1      | Learned a level 2 spell: Scorch
   433 | D:1      | Slain by a hobgoblin

Illustrated notes

Levels and vault maps discovered:
D:1:      dpeg_arrival_simpleton_c, layout_loops_ring

Skill      XL: |  1  2 |
---------------+-------+-----
Fire Magic     | 3 |  3.1
Fighting       | |  3.3
Axes           | |  2.9
Dodging        | |  0.3
Spellcasting   | |  1.1

Action                     || total
---------------------------++-------
  Melee: Hand axe          ||    53
   Cast: Scorch            ||     5
 Armour: Robe              ||    16
  Dodge: Dodged            ||    47

Table legend: (Time is in decaauts)
 A = Elapsed time spent in this place.
 B = Non-inter-level travel time spent in this place.
 C = Inter-level travel time spent in this place.
 D = Time resting spent in this place.
 E = Time spent auto-exploring this place.
 F = Levels seen in this place.
 G = Mean time per level.
                   A        B        C        D        E       F      G
               +--------+--------+--------+--------+--------+-----+--------+
         Total |    441 |    441 |      0 |      0 |    336 |   1 |  441.0 |
       Dungeon |    441 |    441 |      0 |      0 |    336 |   1 |  441.0 |
               +--------+--------+--------+--------+--------+-----+--------+

Top non-repeatable levels by time:
     D:1: 441 daAuts
